AoeStats
← busy pushing deer

African Clearing

510429973Analyzed
4v4 RM · 2d ago on Oct 1, 2026· 37m 24s· 8 players
Game mode
Random Map
Map size
Large (8 player)
Population
200
Speed
Normal
Resources
Standard
Victory
Conquest
Starting age
Dark Age
Ending age
Imperial Age
RankedLock teamsTeams togetherTeam positionsShared explorationLock speedFull tech treeHidden civsTurbo modeCheats
Victory
Defeat
🇩🇴 Huns · Dominican Republic
1473
+14
🇺🇸 Saxons · United States
1450
+15
🇧🇷 Koreans · Brazil
1443
+16
🇧🇷 Maya · Brazil
1433
+16
🇺🇸 Varangians · United States
1515
-19
🇧🇩 Mongols · Bangladesh
1426
-15
🇺🇸 Varangians · United States
1411
-14
🇺🇸 Danes · United States
1380
-13
Gunslinger
12:54 Feudal Age
13:53 Double-Bit Axe
14:27 Horse Collar
17:03 Scale Barding Armor
24:33 Castle Age
22:36 Stone Mining
25:37 Pikeman
Thanatos
10:20 Loom
14:25 Feudal Age
18:40 Castle Age
16:57 Double-Bit Axe
19:41 Bow Saw
21:39 Horse Collar
32:22 Wheelbarrow
35:09 Imperial Age
33:01 Scale Barding Armor
33:37 Bloodlines
33:52 Husbandry
OnlyplayBristle
4:43 Loom
13:06 Feudal Age
16:53 Castle Age
15:37 Double-Bit Axe
15:48 Gold Mining
16:26 Horse Collar
18:00 Bow Saw
19:05 Scale Mail Armor
19:57 Pikeman
20:46 Town Watch
22:19 Chain Mail Armor
24:06 Squires
24:53 Wheelbarrow
24:55 Forging
25:34 Gold Shaft Mining
27:57 Wheelbarrow
30:08 Hand Cart
34:33 Iron Casting
34:17 Gambesons
33:52 Man-at-Arms
34:33 Stone Mining
34:47 Town Patrol
36:29 Long Swordsman
Dots
13:28 Feudal Age
13:48 Loom
14:35 Double-Bit Axe
17:31 Castle Age
16:03 Horse Collar
17:12 Bloodlines
17:24 Bloodlines
18:44 Bow Saw
19:48 Wheelbarrow
23:07 Scale Barding Armor
25:24 Chain Barding Armor
25:22 Husbandry
26:33 Forging
28:36 Iron Casting
29:40 Heavy Plow
31:49 Stone Mining
31:50 Gold Mining
34:42 Imperial Age
34:32 Hand Cart
36:03 Plate Barding Armor
36:06 Elite Jarl
busy pushing deer
13:57 Feudal Age
15:08 Double-Bit Axe
17:31 Castle Age
17:10 Fishing Lines
18:43 Bow Saw
18:24 Loom
19:15 Wheelbarrow
18:25 Town Watch
21:00 Horse Collar
25:24 Hand Cart
25:13 Heavy Plow
25:58 Gillnets
26:30 Gold Mining
26:33 Stone Mining
28:22 Fletching
29:01 Bodkin Arrow
29:07 Padded Archer Armor
29:51 Ballistics
33:02 Imperial Age
31:23 Thumb Ring
31:41 Leather Archer Armor
31:20 Treadmill Crane
31:42 Husbandry
31:53 Bloodlines
32:46 Gold Shaft Mining
33:18 Capped Ram
33:23 Cranequins
33:24 Heavy Mounted Crossbowman
35:20 Chemistry
34:28 Siege Engineers
34:41 Bracer
35:47 Ring Archer Armor
36:15 Guard Tower
36:10 Arrowslits
36:37 Siege Ram
Malcolm Little
10:24 Loom
12:33 Feudal Age
13:19 Double-Bit Axe
15:13 Forging
23:13 Wheelbarrow
23:26 Scale Barding Armor
23:34 Bloodlines
33:24 Castle Age
32:01 Horse Collar
32:13 Gold Mining
33:02 Stone Mining
34:51 Chain Barding Armor
35:02 Bow Saw
34:54 Heavy Plow
Tuco_Parmera
11:41 Loom
13:44 Feudal Age
17:59 Castle Age
15:57 Double-Bit Axe
16:34 Fishing Lines
18:30 Gillnets
18:52 Bow Saw
21:00 Horse Collar
23:53 Wheelbarrow
30:10 Imperial Age
27:42 Scale Mail Armor
27:52 Forging
29:00 Chain Mail Armor
28:47 Squires
29:19 Gold Mining
30:50 Hand Cart
30:20 Town Watch
30:37 Heavy Plow
31:12 Conscription
30:38 Eagle Warrior
31:51 Plate Mail Armor
32:22 Holcans
32:12 Conscription
32:07 Elite Eagle Warrior
35:02 Crop Rotation
35:46 Plate Mail Armor
36:18 Iron Casting
37:41 Two-Man Saw
37:15 Coinage
37:09 Arson
37:28 Town Watch
Xtreme | Pr3da
12:47 Feudal Age
13:09 Loom
16:58 Castle Age
16:43 Double-Bit Axe
17:34 Fletching
24:42 Bodkin Arrow
34:10 Bow Saw
33:41 Horse Collar
35:44 Heavy Plow
Connection lost

Rejoining the realm…

Still unreachable

The connection could not be restored.

Session expired

The server has moved on; the page needs a fresh start.